 Dungeon Crawl Stone Soup version 0.31-a0-981-geadf994542 (webtiles) character file.

Game seed: 9809279380011479506

50 Pooter the Trooper (level 3, -1/29 HPs)
             Began as a Demonspawn Fighter on Nov 1, 2023.
             Slain by a gnoll
             ... wielding a +0 spear
              (3 damage)
             ... on level 3 of the Dungeon.
             The game lasted 00:06:24 (1170 turns).

Pooter the Trooper (Demonspawn Fighter)             Turns: 1170, Time: 00:06:25

Health: -1/29      AC:  8    Str: 16    XL:     3   Next: 55%
Magic:  4/4        EV:  6    Int:  9    God:
Gold:   87         SH:  5    Dex: 14    Spells: 4/4 levels left

rFire   . . .        a - +0 long sword
rCold   . . .        c - +0 buckler
rNeg    . . .        f - +0 chain mail
rPois   .            (no helmet)
rElec   .            (no cloak)
rCorr   .            (no gloves)
SInv    .            (no boots)
Will    .....        (no amulet) Stlth
                     (no ring)
HPRegen 0.24/turn    (no ring)
MPRegen 0.09/turn

%: no passive effects
@: no status effects
A: demonic guardian 1, ignite blood 1
a: no special abilities


You were on level 3 of the Dungeon.
You visited 1 branch of the dungeon, and saw 3 of its levels.

You collected 87 gold pieces.

Inventory:

Hand Weapons
 a - a +0 long sword (weapon)
 b - a +0 sling
   (You found it on level 1 of the Dungeon)
Missiles
 k - 5 javelins (quivered)
 Q - 8 stones
Armour
 c - a +0 buckler (worn)
 f - a +0 chain mail (worn)
   (You found it on level 1 of the Dungeon)
 n - a +0 scale mail
 s - an orb of wrath
   (You found it on level 2 of the Dungeon)
Talismans
 h - a blade talisman
   (You found it on level 1 of the Dungeon)
Scrolls
 g - a scroll of identify {unknown}
 j - a scroll of fog {unknown}
 l - a scroll of enchant armour {unknown}
 p - a scroll of immolation {unknown}
 q - a scroll of poison {unknown}
 r - a scroll of blinking {unknown}
 t - a scroll of enchant weapon {unknown}
Potions
 d - 2 potions of might
 e - 2 potions of attraction {unknown}
 i - 3 potions of berserk rage {unknown}
 m - a potion of enlightenment {unknown}
 o - a potion of cancellation {unknown}


   Skills:
 + Level 3.3 Fighting
 * Level 2.6 Long Blades
 - Level 2.6 Armour
 + Level 3.0 Shields
 + Level 1.0 Spellcasting


You had 4 spell levels left.
You didn't know any spells.
Your spell library contained the following spells:

 Spells                   Type           Power      Damage    Failure   Level
 Ozocubu's Armour         Ice            0%         N/A       100%        3
 Metabolic Englaciation   Hex/Ice        0%         N/A       100%        5
 Simulacrum               Ice/Necr       0%         N/A       100%        6


Dungeon Overview and Level Annotations

Branches:
Dungeon (3/15) Zot: 16772

Altars:

Shops:
D:3 (


Innate Abilities, Weirdness & Mutations

A weak demonic guardian rushes to your aid.
Your demonic aura sometimes causes spilled blood to erupt in flames.


Message History

The sling bullet closely misses the gnoll.
The gnoll shouts!
A frilled lizard comes into view.
You shoot a sling bullet.
The sling bullet barely misses the gnoll.
You shoot a sling bullet. The sling bullet hits the gnoll.
a - a +0 long sword (weapon)
You hit the gnoll. The gnoll hits you with a +0 club.
You slash the gnoll!
You kill the gnoll!
Your Spellcasting skill increases to level 1!
You closely miss the frilled lizard. You block the frilled lizard's attack.
The frilled lizard barely misses you.
You hit the frilled lizard.
The frilled lizard bites you but does no damage.
You closely miss the frilled lizard.
The frilled lizard bites you but does no damage.
You miss the frilled lizard.
The frilled lizard bites you but does no damage.
You slash the frilled lizard!
You kill the frilled lizard!
You start resting.
You start waiting.
A gnoll comes into view. It is wielding a +0 whip.
b - a +0 sling (weapon)
The gnoll shouts!
You shoot a sling bullet. The sling bullet hits the gnoll.
You shoot a sling bullet.
The sling bullet hits the gnoll but does no damage.
A gnoll comes into view. It is wielding a +0 spear.
a - a +0 long sword (weapon)
There is an open door here.
You see here a hobgoblin corpse.
There is a stone staircase leading up here.
You barely miss the gnoll. The gnoll hits you but does no damage.
You closely miss the gnoll. The gnoll hits you with a +0 whip!
You hit the gnoll. The gnoll hits you with a +0 whip. x2
You are too injured to fight recklessly!
Unknown command.
You are too injured to fight recklessly!
You are too injured to fight recklessly!
You hit the gnoll. The gnoll barely misses you.
The gnoll hits you from afar with a +0 spear.
* * * LOW HITPOINT WARNING * * *
Unknown command.
The gnoll hits you with a +0 whip!
* * * LOW HITPOINT WARNING * * *
A demonic guardian appears!
The gnoll hits you from afar with a +0 spear.
You die...

..#+#### ..∩..
.......# ......
#.....+ ...g..
#.....# #......
+.....+ .......
#.....###)......
#....g'..†......
#....g#####+#+##
+.....@#
##...5.#####.#
..........)...#
#############.#


You could see 2 gnolls and a friendly ufetubus (summoned).

Vanquished Creatures
  A gnoll (D:3)
  A worm (D:2)
  A dart slug (D:2)
  4 ball pythons (D:2)
  6 endoplasms
  2 goblins
  3 hobgoblins
  A quokka (D:2)
  4 bats
  4 frilled lizards
  2 kobolds
  4 rats
33 creatures vanquished.

Vanquished Creatures (collateral kills)
  A ball python (D:2)
  A frilled lizard (D:2)
2 creatures vanquished.

Grand Total: 35 creatures vanquished

Notes
Turn   | Place    | Note
-------+----------+-------------------------------------------
     0 | D:1      | Pooter the Demonspawn Fighter began the quest for the Orb.
     0 | D:1      | Reached XP level 1. HP: 18/18 MP: 1/1
   181 | D:1      | Gained mutation: A weak demonic guardian rushes to your
                  | aid. [demonic ancestry]
   181 | D:1      | Reached XP level 2. HP: 24/24 MP: 2/2
   709 | D:2      | Gained mutation: Your demonic aura sometimes causes spilled
                  | blood to erupt in flames. [demonic ancestry]
   709 | D:2      | Reached XP level 3. HP: 27/29 MP: 4/4
  1081 | D:3      | Found Aruda's Weapon Boutique.
  1088 | D:3      | Reached skill level 1 in Spellcasting
  1170 | D:3      | Slain by a gnoll

Illustrated notes

Levels and vault maps discovered:
D:1:      sevenhm_arrival_forest_fort_large_2, layout_rooms, serial_glass,
          glass_columns_a, glass_columns_c, glass_columns_b, glass_columns_c,
          glass_columns_a, glass_columns_a, glass_columns_a, glass_columns_a,
          minmay_misc_feat_x
D:2:      layout_basic
D:3:      layout_basic, grunt_gozag_statues, serial_shops, shop

Skill      XL: |  1  2  3 |
---------------+----------+-----
Long Blades    | 2 |  2.6
Shields        | 3 |  3.0
Spellcasting   | 1 |  1.0
Fighting       | |  3.3
Armour         | |  2.6

Action                     || total
---------------------------++-------
  Melee: Long sword        ||    71
   Fire: Sling             ||    50
 Armour: Chain mail        ||    97
         Scale mail        ||     4
  Dodge: Dodged            ||    42
  Block: Buckler           ||    26

Table legend: (Time is in decaauts)
 A = Elapsed time spent in this place.
 B = Non-inter-level travel time spent in this place.
 C = Inter-level travel time spent in this place.
 D = Time resting spent in this place.
 E = Time spent auto-exploring this place.
 F = Levels seen in this place.
 G = Mean time per level.
                   A        B        C        D        E       F      G
               +--------+--------+--------+--------+--------+-----+--------+
         Total |   1226 |   1161 |     65 |    103 |    713 |   3 |  408.7 |
       Dungeon |   1226 |   1161 |     65 |    103 |    713 |   3 |  408.7 |
               +--------+--------+--------+--------+--------+-----+--------+

Top non-repeatable levels by time:
     D:2: 566 daAuts
     D:1: 547 daAuts
     D:3: 113 daAuts
